 Dungeon Crawl Stone Soup version 0.17-a0-1570-g74b7129 (console) character file.

27909 utis the Basher (level 13, -6/80 HPs)
             Began as a Tengu Fighter on July 23, 2015.
             Was a Priest of Vehumet.
             Mangled by a komodo dragon (26 damage)
             ... on level 4 of the Lair of Beasts.
             The game lasted 01:22:19 (26295 turns).

utis the Basher (Tengu Fighter)                    Turns: 26295, Time: 01:22:19

Health: -6/80      AC: 15    Str: 17    XL:     13   Next: 35%
Magic:  19/21      EV: 12    Int: 13    God:    Vehumet [***...]
Gold:   666        SH: 11    Dex: 14    Spells: 3 memorised, 12 levels left

rFire  + . .     SeeInvis .     a - +1 morningstar
rCold  . . .     Clarity  .     s - +0 scale mail {rF+}
rNeg   . . .     SustAt   .     g - +2 shield
rPois  +         Gourm    .     (helmet restricted)
rElec  .         Spirit   .     K - +2 cloak
rCorr  .         Warding  .     N - +2 pair of gloves
rMut   .         Stasis   .     (boots unavailable)
MR     .....                    y - amulet of regeneration
Stlth  +.........               M - ring of poison resistance
                                H - ring of stealth

@: not resistant to hostile enchantments, very unstealthy
A: beak, talons 3, able to fly 1
a: Fly, Renounce Religion


You were on level 4 of the Lair of Beasts.
You worshipped Vehumet.
Vehumet was most pleased with you.
You were near starving.

You visited 3 branches of the dungeon, and saw 15 of its levels.

You collected 891 gold pieces.
You spent 225 gold pieces at shops.

Inventory:

Hand weapons
 a - a +1 morningstar (weapon)
 b - a +2 demon trident of electrocution
 c - a +0 blowgun
 S - a +2 flail of holy wrath
Missiles
 j - 256 stones (quivered)
 o - 29 poisoned needles
 O - 7 curare-tipped needles {=f}
 U - 24 sling bullets
 V - 2 tomahawks
Armour
 g - a +2 shield (worn)
 r - a cursed +0 helmet
 s - a +0 scale mail of fire resistance (worn)
 K - a +2 cloak (worn)
 N - a +2 pair of gloves (worn)
 W - a fire dragon hide
Magical staves
 q - an uncursed staff of energy {!a}
Jewellery
 f - an uncursed ring of teleportation
 k - an uncursed ring of positive energy
 l - an uncursed ring of magical power
 y - an amulet of regeneration (around neck)
 F - an uncursed amulet of rage
 H - a ring of stealth (left hand)
 M - a ring of poison resistance (right hand)
 R - an uncursed ring of invisibility
 T - an uncursed ring of protection from cold
 X - an uncursed amulet of stasis
Magical devices
 v - a wand of cold (3)
 w - a wand of polymorph (8)
 Q - a wand of slowing (23)
Scrolls
 h - 4 scrolls of remove curse
 m - 6 scrolls of teleportation {!r}
 p - 6 scrolls of magic mapping
 z - 2 scrolls of fear {!r}
 A - a scroll of identify
 B - a scroll of enchant weapon
 D - a scroll of noise
 G - 3 scrolls of recharging
 I - a scroll of enchant armour
Potions
 d - a potion of might
 i - a potion of resistance
 n - 5 potions of flight
 t - a potion of mutation {unknown}
 u - 3 potions of agility
 C - a potion of heal wounds
 E - 2 potions of invisibility
 J - 3 potions of curing
 L - a potion of haste
 P - a potion of brilliance
Comestibles
 e - 6 bread rations
 x - 8 meat rations


   Skills:
 - Level 8.8 Fighting
 - Level 13.1 Maces & Flails
 - Level 9.9 Armour
 - Level 9.2 Dodging
 - Level 3.0 Shields
 + Level 5.2 Spellcasting
 * Level 6.1 Conjurations
 * Level 11.4 Air Magic
 - Level 3.0 Evocations


You had 12 spell levels left.
You knew the following spells:

 Your Spells              Type           Power        Failure   Level  Hunger
a - Shock                 Conj/Air       ####         2%          1    None
d - Airstrike             Air            ####......   7%          4    ####...
B - Lightning Bolt        Conj/Air       ####......   67%         5    ######.


Dungeon Overview and Level Annotations

Branches:
Dungeon (10/15)            Temple (1/1) D:6            Lair (4/8) D:10
  Swamp (0/4) Lair:4
  Snake: Lair:3-6    Spider: Lair:3-6       Orc: D:9-12

Altars:
Ashenzari
Cheibriados
Dithmenos
Elyvilon
Fedhas
Gozag
Kikubaaqudgha
Makhleb
Nemelex Xobeh
Okawaru
Qazlal
Ru
Sif Muna
Trog
Vehumet
Xom
Yredelemnul
Zin
The Shining One
Beogh

Shops:
D:4 ?   D:5 *   D:6 !


Innate Abilities, Weirdness & Mutations

You have a beak for a mouth.
You have claws for feet.
You can fly.


Message History

The komodo dragon is severely wounded.
The komodo dragon bites you!
* * * LOW HITPOINT WARNING * * *
You bludgeon the komodo dragon!!
You claw the komodo dragon, but do no damage.
Your peck misses the komodo dragon.
The komodo dragon is almost dead.
You block the komodo dragon's attack.
You closely miss the komodo dragon. Your kick misses the komodo dragon.
You peck the komodo dragon, but do no damage.
The komodo dragon is almost dead.
The komodo dragon barely misses you.
Your shield prevents you from hitting the komodo dragon.
The komodo dragon is almost dead.
You float gracefully downwards.
The komodo dragon closely misses you.
You hit the komodo dragon but do no damage.
Your kick misses the komodo dragon.
The komodo dragon is almost dead.
The komodo dragon bites you!!
You die...

▓▓..▓.......▓▓▓.▓▓▓..▓
▓▓▓..▓▓...▓▓▓.......▓
▓⚶..▓....▓▓......▓▓
▓▓▓▓..▓.....▓.......▓
▓..........▓▓▓.⚵⚵..▓▓
........⚶⚵.▓▓.▓⚵⚵.▓▓▓▓▓
........▓▓..........▓.▓▓
........▓▓.▓▓..........▓
........▓..▓▓...Q.....▓▓
.♣...♣..▓..▓▓▓▓.l.....?▓
♣....⚶♣..▓...▓....▓.⚶▓▓▓
..♣.♣⚶.......⚶...▓▓▓▓▓
...>.............€▓
..♣.♣⚶...........▓▓
♣⚶⚶.⚶⚶♣ ..........
.♣...♣. .▓▓▓▓.....
....... ▓▓...▓▓


You could see a komodo dragon.

Vanquished Creatures
  Maud (Lair:3)
  A fire dragon (Lair:2)
  Erolcha (D:8)
  3 hydras
  Erica (D:10)
  2 hill giants
  An unseen horror (D:9)
  An oklob plant (D:10)
  Maurice (D:10)
  A gargoyle (D:10)
  3 elephants (Lair:4)
  4 black mambas
  4 spiny frogs
  A komodo dragon (Lair:3)
  3 trolls
  3 fire drakes
  9 blink frogs
  Grinder (D:6)
  A deep elf mage (D:9)
  19 yaks
  A hungry ghost (D:10)
  Grum (D:8)
  4 hippogriffs
  4 wolves (D:8)
  Duvessa (D:6)
  9 water moccasins
  4 porcupines
  5 sky beasts
  2 ice beasts (D:10)
  3 black bears
  An eye of draining (D:10)
  5 ogres
  2 phantoms
  3 orc warriors (D:5)
  4 crocodiles
  3 centaurs
  3 big kobolds (D:8)
  10 giant frogs
  A wyvern zombie (D:10)
  Dowan (D:6)
  6 scorpions
  4 killer bees (D:9)
  10 electric eels
  6 wights
  9 crimson imps
  A giant frog zombie (D:9)
  A quasit (D:9)
  9 iguanas
  A centaur skeleton (D:8)
  2 centaur zombies
  5 hounds
  11 orc priests
  4 giant frog skeletons
  13 orc wizards
  8 worker ants
  A killer bee zombie (D:6)
  7 sheep
  2 hound zombies
  A hound skeleton (D:5)
  44 river rats
  A worker ant zombie (D:10)
  6 adders
  2 shadow imps
  An ooze (D:4)
  An adder zombie (D:9)
  5 worms
  An adder skeleton (D:8)
  7 giant geckos
  51 orcs
  2 ball pythons
  A bat skeleton (D:4)
  A bat zombie (D:5)
  3 giant cockroaches
  8 hobgoblins
  6 jackals
  5 quokkas
  A ball python skeleton (D:4)
  13 bats
  11 giant newts
  16 goblins
  2 jackal skeletons
  15 kobolds
  14 rats
  A plant (D:10)
447 creatures vanquished.

Vanquished Creatures (others)
  A river rat (Lair:4)
  An orc (D:8)
  4 fungi
  16 plants
22 creatures vanquished.

Grand Total: 469 creatures vanquished

Notes
Turn   | Place    | Note
--------------------------------------------------------------
     0 | D:1      | utis the Tengu Fighter began the quest for the Orb.
     0 | D:1      | Reached XP level 1. HP: 14/14 MP: 2/2
   273 | D:1      | Reached XP level 2. HP: 19/19 MP: 3/3
  1242 | D:2      | Reached XP level 3. HP: 21/23 MP: 4/4
  1668 | D:3      | Reached skill level 4 in Maces & Flails
  1932 | D:3      | Found a bloodstained altar of Trog.
  2096 | D:3      | Reached XP level 4. HP: 28/28 MP: 5/5
  2177 | D:3      | Reached skill level 5 in Maces & Flails
  2474 | D:3      | Gained mutation: You can fly. [Tengu growth]
  2474 | D:3      | Reached XP level 5. HP: 19/32 MP: 6/6
  3023 | D:3      | Found a shimmering altar of Xom.
  3205 | D:3      | Reached skill level 1 in Dodging
  3397 | D:4      | Noticed a phantom
  3655 | D:4      | Killed a phantom
  3655 | D:4      | Reached XP level 6. HP: 35/37 MP: 7/7
  3862 | D:4      | Found Ucowuva's Magic Scroll Boutique.
  3867 | D:4      | Bought a scroll of identify for 26 gold pieces
  3867 | D:4      | Bought a scroll of fear for 45 gold pieces
  3867 | D:4      | Bought a scroll of identify for 26 gold pieces
  3867 | D:4      | Bought a scroll of remove curse for 39 gold pieces
  3968 | D:4      | Noticed an ogre
  4447 | D:4      | Reached XP level 7. HP: 27/43 MP: 6/8
  4990 | D:4      | Killed an ogre
  4990 | D:4      | Reached skill level 6 in Maces & Flails
  5147 | D:5      | Entered Level 5 of the Dungeon
  5340 | D:5      | Reached skill level 5 in Armour
  5572 | D:5      | Found a shimmering altar of Xom.
  5627 | D:5      | Found Qacibom's General Store.
  5701 | D:5      | Bought a potion of berserk rage for 50 gold pieces
  5752 | D:5      | Reached XP level 8. HP: 42/48 MP: 5/9
  6035 | D:5      | Found a runed door.
  6065 | D:5      | Reached skill level 7 in Maces & Flails
  6337 | D:5      | Reached skill level 5 in Fighting
  7756 | D:5      | Reached skill level 1 in Evocations
  7986 | D:5      | Found a roughly hewn altar of Beogh.
  8216 | D:6      | Found Dogguig's Distillery.
  8231 | D:6      | Reached XP level 9. HP: 47/54 MP: 8/12
  8492 | D:6      | Reached skill level 8 in Maces & Flails
  8501 | D:6      | Found a staircase to the Ecumenical Temple.
  8507 | Temple   | Entered the Ecumenical Temple
  8594 | Temple   | Became a worshipper of Vehumet
  8719 | D:6      | Reached skill level 5 in Dodging
  9035 | D:6      | Noticed Duvessa
  9035 | D:6      | Noticed Dowan
  9050 | D:6      | Killed Duvessa
  9068 | D:6      | Killed Dowan
  9236 | D:6      | Bought a potion of curing for 39 gold pieces
  9335 | D:6      | Noticed Grinder
  9335 | D:6      | Paralysed by Grinder for 2 turns
  9403 | D:6      | Killed Grinder
  9922 | D:7      | Reached skill level 9 in Maces & Flails
 11524 | D:8      | Reached XP level 10. HP: 53/61 MP: 10/13
 11593 | D:8      | Noticed a two-headed hydra
 11601 | D:8      | Killed a two-headed hydra
 11601 | D:8      | Reached skill level 10 in Maces & Flails
 11725 | D:8      | Noticed Erolcha
 11725 | D:8      | Paralysed by Erolcha for 6 turns
 11742 | D:8      | Killed Erolcha
 11742 | D:8      | Acquired Vehumet's first power
 11742 | D:8      | Offered knowledge of Shock by Vehumet.
 11760 | D:8      | Learned a level 1 spell: Shock
 12481 | D:8      | Reached skill level 11 in Maces & Flails
 12608 | D:8      | Noticed Grum
 12622 | D:8      | Killed Grum
 13341 | D:9      | Offered knowledge of Magic Dart by Vehumet.
 13375 | D:9      | Found a deep blue altar of Sif Muna.
 13524 | D:9      | Reached XP level 11. HP: 52/67 MP: 14/14
 14454 | D:9      | Offered knowledge of Inner Flame by Vehumet.
 14765 | D:10     | Entered Level 10 of the Dungeon
 14802 | D:10     | Found a blossoming altar of Fedhas.
 15140 | D:10     | Noticed Erica
 15158 | D:9      | Acquired Vehumet's second power
 15402 | D:10     | Reached skill level 12 in Maces & Flails
 16651 | D:10     | Noticed Sonja
 16673 | D:9      | Killed an unseen horror
 16992 | D:10     | Offered knowledge of Fulminant Prism by Vehumet.
 17658 | D:10     | Found a staircase to the Lair.
 17772 | Lair:1   | Entered Level 1 of the Lair of Beasts
 18539 | Lair:1   | Reached skill level 13 in Maces & Flails
 18615 | Lair:1   | Acquired Vehumet's third power
 18684 | Lair:1   | Reached XP level 12. HP: 73/75 MP: 15/15
 19520 | Lair:2   | Offered knowledge of Airstrike by Vehumet.
 19526 | Lair:2   | Learned a level 4 spell: Airstrike
 19590 | Lair:2   | Reached skill level 1 in Air Magic
 20283 | Lair:2   | Reached skill level 1 in Spellcasting
 20698 | Lair:2   | Reached skill level 5 in Air Magic
 21061 | Lair:2   | Noticed a fire dragon
 21095 | Lair:2   | Killed a fire dragon
 21512 | Lair:3   | Noticed Maud
 21544 | Lair:3   | Killed Maud
 23039 | Lair:3   | Noticed a six-headed hydra
 23443 | Lair:3   | Killed a six-headed hydra
 23443 | Lair:3   | Offered knowledge of Lightning Bolt by Vehumet.
 23473 | Lair:3   | Learned a level 5 spell: Lightning Bolt
 23587 | Lair:3   | Reached skill level 10 in Air Magic
 23676 | Lair:3   | Noticed a seven-headed hydra
 23680 | Lair:3   | Reached skill level 1 in Conjurations
 23688 | Lair:3   | Killed a seven-headed hydra
 23688 | Lair:3   | Reached XP level 13. HP: 80/80 MP: 20/20
 24177 | D:10     | Noticed a hill giant
 24215 | D:10     | Killed a hill giant
 24312 | D:10     | Noticed Sonja
 24312 | D:10     | Sonja changed into Sonja the troll
 24322 | D:10     | Killed Sonja the troll
 24513 | D:10     | Killed Erica
 24792 | D:10     | Noticed Maurice
 24803 | D:10     | Killed Maurice
 25204 | D:10     | Reached skill level 5 in Conjurations
 25238 | D:10     | Reached skill level 5 in Spellcasting
 25648 | Lair:4   | Found a staircase to the Swamp.
 26295 | Lair:4   | Mangled by a komodo dragon

Vault maps used:
D:1:      lemuel_arrival_broad_hall
D:3:      bloody_trog, led_xom_imps
D:4:      serial_shops, kennysheep_little_box
D:5:      serial_shops, nicolae_shop_crystal, first_bread, basic_altar,
          lightli_church_of_beogh
D:6:      minmay_temple_entry_enclosed_plants, serial_shops, shop, uniq_duvessa,
          uniq_grinder
D:8:      hangedman_ranch, uniq_grum, uniq_erolcha
D:9:      basic_altar
D:10:     dpeg_oklobed_lair, serial_bayou, serial_bayou_lake_a,
          serial_bayou_pond_d, serial_bayou_pond_b, serial_bayou_pond_c,
          serial_bayou_ford_a, fedhas_altar_1, uniq_maurice, uniq_erica,
          uniq_sonja
Temple:   kilobyte_greek_temple_18
Lair:1:   lemuel_fruit_fields, grunt_megastairs_2
Lair:2:   dragon1_lemuel
Lair:3:   infiniplex_staircase_pool_2, serial_bayou_shore_b, uniq_maud
Lair:4:   minmay_swamp_entry_eels, grunt_forest_stairs_basic, ldierk_geyser

Action                   |  1- 3 |  4- 6 |  7- 9 | 10-12 | 13-15 || total
-------------------------+-------+-------+-------+-------+-------++-------
Melee: Flail             |    89 |   137 |   356 |    19 |       ||   601
       Morningstar       |       |       |    24 |   971 |   156 ||  1151
 Fire: Blowgun           |       |       |    31 |    34 |     3 ||    68
Throw: Stone             |    10 |    62 |   126 |   162 |     3 ||   363
 Cast: Shock             |       |       |       |     4 |       ||     4
       Airstrike         |       |       |       |       |    10 ||    10
 Abil: Fly               |       |     5 |    35 |    66 |    12 ||   118
       Evoke Berserk Rag |       |       |     2 |    20 |     5 ||    27
Evoke: Wand              |       |       |       |     8 |     2 ||    10
  Use: Scroll            |     3 |     3 |     4 |    18 |     1 ||    29
       Potion            |       |       |       |     2 |     2 ||     4
 Stab: Paralysed         |       |       |       |     6 |       ||     6
  Eat: Chunk             |     4 |     6 |    19 |    38 |     6 ||    73
       Pizza             |       |     1 |       |     7 |     1 ||     9
       Fruit             |       |       |     3 |    17 |     5 ||    25
       Royal jelly       |       |       |     1 |       |       ||     1
       Bread ration      |       |       |     1 |       |     1 ||     2
       Beef jerky        |       |       |     1 |       |       ||     1
